 Dungeon Crawl Stone Soup version 0.30-a0-165-g1891117ce2 (webtiles) character file.

Game seed: 10290397755859848112

990 qw the Chopper (level 8, -5/49 HPs)
             Began as a Gargoyle Fighter on Sept 28, 2022.
             Hit by a large rock thrown by a cyclops (14 damage)
             ... on level 6 of the Dungeon.
             The game lasted 00:01:53 (5657 turns).

qw the Chopper (Gargoyle Fighter)                   Turns: 5657, Time: 00:01:53

Health: -5/49      AC: 15    Str: 22    XL:     8   Next: 18%
Magic:  8/8        EV:  7    Int:  9    God:
Gold:   318        SH:  4    Dex:  9    Spells: 7/7 levels left

rFire   . . .      SeeInvis +    Y - +0 war axe
rCold   . . .      Faith    .    c - +0 buckler
rNeg    + . .      Spirit   .    h - +0 chain mail
rPois   inf        Reflect  .    (no helmet)
rElec   +          Harm     .    (no cloak)
rCorr   .          Rampage  .    (no gloves)
Will    .....                    b - +0 pair of boots
Stlth   ..........               (no amulet)
HPRegen 0.16/turn                e - ring of see invisible
MPRegen 0.11/turn                (no ring)

@: no status effects
A: sickness immunity, AC +5, negative energy resistance 1, electricity
resistance, torment resistance 1, petrification resistance
a: no special abilities


You were on level 6 of the Dungeon.
You visited 1 branch of the dungeon, and saw 6 of its levels.

You collected 318 gold pieces.


Innate Abilities, Weirdness & Mutations

You are immune to sickness and miasma.
Your stone body is resilient. (AC +5)
You are immune to poison.
You resist negative energy. (rN+)
You are resistant to electric shocks. (rElec)
You are resistant to unholy torment.
You are immune to petrification.


   Skills:
 - Level 5.0 Fighting
 + Level 7.6 Axes
 - Level 1.2 Throwing
 - Level 3.2 Armour
 - Level 1.3 Dodging
 - Level 3.2 Shields


You had 7 spell levels left.
You didn't know any spells.
Your spell library was empty.

Inventory:

Hand Weapons
 a - a +0 flail
 Y - a +0 war axe (weapon)
Armour
 b - a +0 pair of boots (worn)
 c - a +0 buckler (worn)
 h - a +0 chain mail (worn)
Jewellery
 e - a ring of see invisible (left hand)
Scrolls
 f - a scroll of identify
Potions
 d - a potion of might
 g - a potion of haste
 i - a potion of heal wounds {unknown}

Dungeon Overview and Level Annotations

Branches:
Dungeon (6/15)             Temple (0/1) D:6

Altars:
Fedhas
Nemelex Xobeh

Shops:
D:2 [

Annotations:
D:4 3 runed translucent doors, qw's ghost, novice GrFi


Message History

You block the water moccasin's attack. The water moccasin closely misses you.
You slash the water moccasin!
The water moccasin is moderately wounded.
You hear the slow hiss of a distant avalanche of sand.
You block the water moccasin's attack.
The water moccasin bites you but does no damage.
You closely miss the water moccasin.
The water moccasin is moderately wounded.
The water moccasin bites you!
You barely miss the water moccasin.
The water moccasin is moderately wounded.
The water moccasin bites you but does no damage. x2
You slash the water moccasin!
The water moccasin is severely wounded.
The water moccasin bites you.
You completely miss the water moccasin.
The water moccasin is severely wounded.
The water moccasin bites you. x2
You barely miss the water moccasin.
The water moccasin is severely wounded.
The water moccasin bites you. x2
You miss the water moccasin.
The water moccasin is severely wounded.
The water moccasin bites you but does no damage.
You barely miss the water moccasin.
The water moccasin is severely wounded.
The water moccasin bites you but does no damage. x2
You barely miss the water moccasin.
The water moccasin is severely wounded.
The water moccasin bites you but does no damage.
The cyclops throws a large rock.
The large rock closely misses you. The water moccasin bites you.
You hit the water moccasin.
The water moccasin is severely wounded.
The water moccasin bites you but does no damage.
The cyclops throws a large rock.
The large rock hits you!
You slash the water moccasin!
You kill the water moccasin!
The cyclops throws a large rock.
The large rock hits you!
You die...

........# #.#
........# #.#
).......# #.#
######### #.#
#######.#
........#
........#
........#
.......@#
........%..(...
........#<..###
........#......
##+####.# #####
..# #.# # ##
.C# .. ## .#.
#######


You could see a cyclops.

Vanquished Creatures
  Sigmund (D:3)
  A water moccasin (D:6)
  A sky beast (D:4)
  An ice beast (D:5)
  A bullfrog (D:4)
  2 scorpions (D:4)
  3 hounds
  A jelly (D:4)
  Jessica (D:2)
  3 iguanas
  An orc wizard (D:3)
  6 adders
  4 gnolls (D:4)
  An ufetubus (D:4)
  2 dart slugs
  17 orcs
  4 bats
  14 endoplasms
  2 giant cockroaches
  5 goblins
  9 hobgoblins
  2 jackals (D:2)
  5 quokkas
  6 ball pythons
  5 frilled lizards
  5 kobolds
  4 rats
107 creatures vanquished.

Notes
Turn   | Place    | Note
-------+----------+-------------------------------------------
     0 | D:1      | qw the Gargoyle Fighter began the quest for the Orb.
     0 | D:1      | Reached XP level 1. HP: 14/14 MP: 1/1
     0 | D:1      | 0 ||| qw: Version: 0.2-a-12-gaebbb33
     0 | D:1      | 0 ||| qw: Game counter: 879
     0 | D:1      | 0 ||| qw: Always use a shield: true
     0 | D:1      | 0 ||| qw: God list: Okawaru
     0 | D:1      | 0 ||| qw: Allow faded altars: false
     0 | D:1      | 0 ||| qw: Do Orc after D:15 true
     0 | D:1      | 0 ||| qw: Do second Lair branch before Depths: true
     0 | D:1      | 0 ||| qw: Lair rune preference: random
     0 | D:1      | 0 ||| qw: Plans: Normal, Zot:1-4, God:TSO, Crypt, Tomb,
                  | Pan, Slime:5, Hells, Abyss, Orb
     0 | D:1      | 0 ||| PLANNING D:1-11
    33 | D:1      | Reached skill level 2 in Axes
   211 | D:1      | Reached XP level 2. HP: 19/19 MP: 2/2
   292 | D:1      | 292 ||| Stepping ~*~*~tactically~*~*~ (stealth).
   592 | D:1      | 592 ||| DROPPING +0 club.
   691 | D:1      | 691 ||| Stepping ~*~*~tactically~*~*~ (stealth).
   697 | D:1      | Reached skill level 3 in Axes
   767 | D:1      | Reached XP level 3. HP: 23/23 MP: 3/3
  1055 | D:1      | 1055 ||| READING scroll labelled CITZULA HUEC.
  1060 | D:1      | 1060 ||| READING scroll labelled CAYCLU BAYL.
  1085 | D:2      | 1085 ||| STAIRDANCE
  1125 | D:2      | 1125 ||| Stepping ~*~*~tactically~*~*~ (stealth).
  1384 | D:2      | Reached skill level 1 in Throwing
  1429 | D:2      | Found a faded altar of an unknown god.
  1545 | D:2      | Found Sytoudets's Antique Armour Boutique.
  1556 | D:2      | 1556 ||| SHOPLISTING glowing chain mail (195 gold, have
                  | 155).
  1556 | D:2      | 1556 ||| SHOPLISTING runed scarf (208 gold, have 155).
  1557 | D:2      | Noticed Jessica
  1558 | D:2      | 1558 ||| Stepping ~*~*~tactically~*~*~ (stealth).
  1568 | D:2      | Reached XP level 4. HP: 22/28 MP: 4/4
  1570 | D:2      | Killed Jessica
  1957 | D:2      | 1957 ||| READING scroll labelled JEDIYMA SOSAF.
  1958 | D:2      | 1958 ||| READING scroll labelled EHUMIC XEOSEUM.
  2007 | D:3      | Found a blossoming altar of Fedhas.
  2044 | D:3      | Reached skill level 4 in Axes
  2074 | D:3      | 2074 ||| DROPPING +0 whip.
  2181 | D:3      | Reached XP level 5. HP: 19/32 MP: 5/5
  2552 | D:3      | Noticed Sigmund
  2572 | D:3      | Killed Sigmund
  2573 | D:3      | Reached skill level 5 in Axes
  2573 | D:3      | Reached XP level 6. HP: 19/37 MP: 6/6
  3067 | D:3      | 3067 ||| DROPPING +6 ring of intelligence.
  3068 | D:3      | 3068 ||| READING scroll labelled TIUPRI ZEICS.
  3069 | D:3      | 3069 ||| DRINKING 4 glowing pink potions.
  3070 | D:3      | 3070 ||| READING 2 scrolls of identify.
  3070 | D:3      | 3070 ||| IDENTIFYING red potion
  3071 | D:3      | 3071 ||| DROPPING 3 potions of flight.
  3107 | D:4      | Noticed a sky beast
  3118 | D:4      | 3118 ||| Stepping ~*~*~tactically~*~*~ (water).
  3126 | D:4      | 3126 ||| FLEEEEING.
  3130 | D:4      | Killed a sky beast
  3141 | D:4      | Reached skill level 1 in Dodging
  3141 | D:4      | Reached XP level 7. HP: 16/44 MP: 7/7
  3448 | D:4      | Reached skill level 6 in Axes
  3452 | D:4      | Found a runed translucent door.
  3458 | D:4      | Noticed qw's ghost (novice GrFi)
  3531 | D:4      | 3531 ||| FLEEEEING.
  3532 | D:4      | 3532 ||| FLEEEEING.
  3533 | D:4      | 3533 ||| FLEEEEING.
  3534 | D:4      | 3534 ||| FLEEEEING.
  3535 | D:4      | 3535 ||| FLEEEEING.
  3536 | D:4      | 3536 ||| FLEEEEING.
  3537 | D:4      | 3537 ||| FLEEEEING.
  3538 | D:4      | 3538 ||| FLEEEEING.
  3549 | D:4      | 3549 ||| FLEEEEING.
  3550 | D:4      | 3550 ||| FLEEEEING.
  3551 | D:4      | 3551 ||| FLEEEEING.
  3552 | D:4      | 3552 ||| FLEEEEING.
  3553 | D:4      | 3553 ||| FLEEEEING.
  3554 | D:4      | 3554 ||| FLEEEEING.
  3555 | D:4      | 3555 ||| FLEEEEING.
  3556 | D:4      | 3556 ||| FLEEEEING.
  3557 | D:4      | 3557 ||| FLEEEEING.
  3558 | D:4      | 3558 ||| FLEEEEING.
  3559 | D:4      | 3559 ||| FLEEEEING.
  3560 | D:4      | 3560 ||| FLEEEEING.
  3561 | D:4      | 3561 ||| FLEEEEING.
  3562 | D:4      | 3562 ||| FLEEEEING.
  3563 | D:4      | 3563 ||| STAIRDANCE
  3660 | D:3      | 3660 ||| READING scroll labelled WUFISHR WOESY.
  3661 | D:3      | 3661 ||| READING scroll labelled XOECE FOUDDI.
  3664 | D:4      | 3664 ||| STAIRDANCE
  3672 | D:4      | 3672 ||| STAIRDANCE
  3777 | D:4      | 3777 ||| STAIRDANCE
  3899 | D:4      | Found a large runed translucent door.
  3900 | D:4      | Found a large runed translucent door.
  3917 | D:4      | 3917 ||| Stepping ~*~*~tactically~*~*~ (hiding).
  4052 | D:4      | 4052 ||| Stepping ~*~*~tactically~*~*~ (stealth).
  4223 | D:4      | 4223 ||| Stepping ~*~*~tactically~*~*~ (stealth).
  4226 | D:4      | 4226 ||| Stepping ~*~*~tactically~*~*~ (stealth).
  4229 | D:4      | 4229 ||| Stepping ~*~*~tactically~*~*~ (stealth).
  4232 | D:4      | 4232 ||| Stepping ~*~*~tactically~*~*~ (stealth).
  4233 | D:4      | 4233 ||| Stepping ~*~*~tactically~*~*~ (stealth).
  4240 | D:4      | Reached skill level 7 in Axes
  4642 | D:4      | 4642 ||| UPGRADING to +0 chain mail.
  4652 | D:4      | 4652 ||| DROPPING +0 scale mail.
  4653 | D:4      | 4653 ||| READING scroll labelled JOZOISHR FULO.
  4684 | D:5      | Entered Level 5 of the Dungeon
  4688 | D:5      | 4688 ||| STAIRDANCE
  4766 | D:5      | 4766 ||| STAIRDANCE
  4900 | D:5      | Found a sparkling altar of Nemelex Xobeh.
  5005 | D:5      | Reached XP level 8. HP: 37/49 MP: 8/8
  5269 | D:5      | 5269 ||| Stepping ~*~*~tactically~*~*~ (stealth).
  5465 | D:5      | 5465 ||| UPGRADING to +0 pair of boots.
  5470 | D:5      | 5470 ||| UPGRADING to ring of see invisible.
  5471 | D:5      | 5471 ||| READING 2 scrolls labelled ZURIXE GATOVAO.
  5472 | D:5      | 5472 ||| DROPPING scroll of poison.
  5498 | D:6      | 5498 ||| PLANNING OSSUARY
  5534 | D:6      | Found a staircase to the Ecumenical Temple.
  5612 | D:6      | Noticed a cyclops
  5612 | D:6      | Noticed a shadow
  5613 | D:6      | 5613 ||| READING scroll of teleportation.
  5656 | D:6      | HP: 9/49 [cyclops/large rock (12)]
  5657 | D:6      | Hit by a large rock thrown by a cyclops

Levels and vault maps discovered:
D:1:      lemuel_arrival_lava_pool, layout_basic
D:2:      layout_basic, serial_shops, shop,
          shapermc_ecumenical_altar_mp_highgroup, uniq_jessica
D:3:      layout_basic, fedhas_altar_fruit_tree, uniq_sigmund
D:4:      layout_loops_ring, jmf_multi_god_temple2,
          ebering_ghost_reflecting_pool
D:5:      layout_rooms, mainiacjoe_overflow_brackets
D:6:      layout_basic, xom_confusion_cloud, temple_doors_e,
          nicolae_ossuary_entry_false_entrances, kb_rosetta

Skill      XL: |  1  2  3  4  5  6  7 |
---------------+----------------------+-----
Axes           | 2 3 4 5 7 |  7.6
Throwing       | 1 |  1.2
Fighting       | 4 5 |  5.0
Dodging        | 1 |  1.3
Armour         | |  3.2
Shields        | |  3.2

Action                   |  1- 3 |  4- 6 |  7- 9 || total
-------------------------+-------+-------+-------++-------
Melee: War axe           |    97 |    79 |   142 ||   318
Throw: Javelin           |    15 |    23 |    21 ||    59
  Use: Scroll            |     2 |     4 |     5 ||    11
       Potion            |       |     1 |       ||     1
Armor: Scale mail        |    41 |    49 |    50 ||   140
       Chain mail        |       |       |    26 ||    26
Dodge: Dodged            |    37 |    25 |    60 ||   122
Block: Buckler           |    15 |     6 |    24 ||    45

Table legend:
 A = Non-vault XP
 B = Vault XP
 C = Vault XP percentage of total XP
 D = Non-vault monster count
 E = Vault monster count
 F = Vault count percentage of total count
                 A         B        C        D         E       F
            +---------+---------+-------+---------+---------+-------
      Total |    1304 |     268 |  17.0 |     105 |       2 |   1.9
            +---------+---------+-------+---------+---------+-------
        D:1 |      38 |       0 |   0.0 |      22 |       0 |   0.0
        D:2 |      48 |      37 |  43.5 |      21 |       1 |   4.5
        D:3 |     107 |     231 |  68.3 |      21 |       1 |   4.5
        D:4 |     686 |       0 |   0.0 |      33 |       0 |   0.0
        D:5 |     223 |       0 |   0.0 |       6 |       0 |   0.0
        D:6 |     202 |       0 |   0.0 |       2 |       0 |   0.0
            +---------+---------+-------+---------+---------+-------
